 Dungeon Crawl Stone Soup version 0.29.1-1-gd02db6906a (webtiles) character file.

Game seed: 3126079954801875073

4018 Zeld the Cleaver (level 10, -4/135 HPs)
             Began as a Minotaur Berserker on Oct 14, 2022.
             Was a Priest of Trog.
             Slain by a yak (13 damage)
             ... on level 8 of the Dungeon.
             The game lasted 00:09:55 (11464 turns).

Zeld the Cleaver (Minotaur Berserker)              Turns: 11464, Time: 00:09:55

Health: -4/135     AC:  9    Str: 25    XL:     10   Next: 3%
Magic:  9/9        EV: 14    Int:  4    God:    Trog [***...]
Gold:   72         SH:  0    Dex: 11    Spells: 9/9 levels left

rFire   . . .      SeeInvis .   d - +1 whip (venom)
rCold   . . .      Faith    .   (no shield)
rNeg    . . .      Spirit   .   b - +3 leather armour
rPois   .          Reflect  .   (helmet restricted)
rElec   .          Harm     .   A - +0 cloak
rCorr   .          Rampage  .   k - +0 pair of gloves
Will    +++..                   (no boots)
Stlth   ..........              y - amulet of the acrobat
HPRegen 1.32/turn               c - ring of willpower
MPRegen 0.11/turn               C - ring of flight

@: berserking, strong-willed, flying, regenerating, very quick
A: horns 2, retaliatory headbutt
a: Renounce Religion, Berserk, Trog's Hand


You were on level 8 of the Dungeon.
You worshipped Trog.
Trog was most pleased with you.
You visited 2 branches of the dungeon, and saw 9 of its levels.
You also visited: Sewer.

You collected 396 gold pieces.
You spent 324 gold pieces at shops.

Inventory:

Hand Weapons
 a - a +0 war axe
 d - a +1 whip of venom (weapon)
Armour
 b - a +3 leather armour (worn)
 k - a +0 pair of gloves (worn)
 A - a +0 cloak (worn)
Jewellery
 c - a ring of willpower (left hand)
 y - an amulet of the acrobat (around neck)
 C - a ring of flight (right hand)
Wands
 p - a wand of flame (29)
 z - a wand of polymorph (12)
Scrolls
 h - 4 scrolls of poison {unknown}
 i - 3 scrolls of magic mapping {unknown}
 l - 6 scrolls of identify {unknown}
 s - 6 scrolls of teleportation {unknown}
 t - a scroll of noise {unknown}
 v - a scroll of enchant armour {unknown}
 x - 2 scrolls of amnesia {unknown}
 B - a scroll of blinking {unknown}
Potions
 e - 4 potions of degeneration {unknown}
 f - 3 potions of resistance {unknown}
 g - 2 potions of might {unknown}
 j - 2 potions of cancellation {unknown}
 m - 5 potions of heal wounds
 n - 3 potions of flight
 o - 3 potions of curing
 q - a potion of magic {unknown}
 r - 2 potions of attraction {unknown}
 u - 3 potions of mutation
 w - 2 potions of haste {unknown}


   Skills:
 + Level 8.6 Fighting
 * Level 11.5 Axes
 + Level 8.2 Armour
 + Level 7.4 Dodging


You had 9 spell levels left.
You didn't know any spells.
Your spell library was empty.

Dungeon Overview and Level Annotations

Branches:
Dungeon (8/15)             Temple (1/1) D:4           Sewer (visited)
   Lair: D:8-11

Altars:
Ashenzari
Cheibriados
Elyvilon
Fedhas
Gozag
Hepliaklqana
Kikubaaqudgha
Makhleb
Nemelex Xobeh
Okawaru
Qazlal
Ru
Sif Muna
Trog
Uskayaw
Vehumet
Wu Jian
Xom
Yredelemnul
Zin
The Shining One

Shops:
D:3 !

Annotations:
D:5 3 runed translucent doors, Rudyous's ghost, novice HOAK


Innate Abilities, Weirdness & Mutations

You have a pair of horns on your head.
You reflexively headbutt those who attack you in melee.


Message History

You feel strong-willed. The yak gores you but does no damage.
The yak gores you!
* * * LOW HITPOINT WARNING * * *
The yak gores you but does no damage.
Unknown command.
A red film seems to cover your vision as you go berserk!
You feel yourself moving faster!
You feel mighty! The yak closely misses you. The yak completely misses you.
The yak barely misses you.
You hit the yak.
The yak is lightly wounded.
Unknown command.
You whack the yak!
The yak is severely wounded.
The yak gores you!
* * * LOW HITPOINT WARNING * * *
The yak gores you but does no damage. The yak completely misses you.
You furiously retaliate!
You headbutt the yak!
Unknown command.
You whack the yak!
You kill the yak!
Trog accepts your kill.
Unknown command.
You barely miss the yak.
The yak is moderately wounded.
The yak closely misses you. The yak gores you.
* * * LOW HITPOINT WARNING * * *
You whack the yak!
The yak is poisoned.
The yak is heavily wounded.
Unknown command.
You whack the yak!
The yak is severely wounded.
The yak barely misses you. The yak gores you but does no damage.
Unknown command.
You barely miss the yak. You headbutt the yak.
The yak is severely wounded.
Unknown command.
You barely miss the yak. You headbutt the yak!
The yak is almost dead.
The yak closely misses you. The yak gores you!
You die...

#............# #.
#).....#....# ###.
#.....#....+## ###...
##..........# #.....
##.....###.###.....
##....#...........
#...#.........#...
##...#........##..#
#Y@................
#.Y.................
#......#..##.........#
....####.#...#....##.###
...# ###.....#......##
...
ยงยงยง#......#......##
## #####.............#
._..#..............
.....#.#..........


You could see 2 yaks.

Vanquished Creatures
  Psyche (D:8)
  A hornet (D:7)
  Sigmund (D:3)
  Grum (D:8)
  3 yaks (D:8)
  2 water moccasins
  Duvessa (D:6)
  2 ice beasts (D:7)
  A sky beast (D:7)
  A black bear (D:5)
  3 ogres
  2 wolves (D:7)
  A centaur (D:5)
  A phantom (D:7)
  A kobold brigand (D:6)
  3 necrophages
  A gnoll sergeant (D:6)
  2 scorpions
  Dowan (D:6)
  5 killer bees (D:7)
  A howler monkey (D:6)
  2 hounds
  2 orc priests
  2 jellies
  3 gnoll boudas
  3 iguanas
  4 orc wizards
  25 gnolls
  A river rat (Sewer)
  5 adders
  A shadow imp (D:8)
  An ufetubus (D:3)
  2 worms
  3 dart slugs
  26 orcs
  8 ball pythons
  6 endoplasms
  7 giant cockroaches (D:1)
  5 goblins
  3 hobgoblins
  3 quokkas
  6 bats
  13 frilled lizards
  8 kobolds
  16 rats
190 creatures vanquished.

Notes
Turn   | Place    | Note
-------+----------+-------------------------------------------
     0 | D:1      | Zeld the Minotaur Berserker began the quest for the Orb.
     0 | D:1      | Reached XP level 1. HP: 19/19 MP: 0/0
    90 | D:1      | Reached XP level 2. HP: 16/27 MP: 1/1
   223 | D:1      | Found a faded altar of an unknown god.
   226 | D:1      | Reached skill level 4 in Axes
   806 | D:2      | Reached XP level 3. HP: 26/33 MP: 2/2
   930 | D:2      | Reached ** piety under Trog
   940 | D:2      | Reached XP level 4. HP: 14/40 MP: 3/3
  1416 | D:2      | Found an iron altar of Okawaru.
  1825 | D:3      | Reached skill level 5 in Axes
  1859 | D:3      | Noticed Sigmund
  2181 | D:3      | Killed Sigmund
  2182 | D:3      | Reached XP level 5. HP: 9/47 MP: 4/4
  2484 | D:3      | Reached XP level 6. HP: 53/55 MP: 5/5
  2639 | D:3      | Found Qoteeghe's Distillery.
  2649 | D:3      | Bought a potion of flight for 36 gold pieces
  2649 | D:3      | Bought a potion of curing for 36 gold pieces
  2649 | D:3      | Bought a potion of heal wounds for 60 gold pieces
  2738 | D:3      | Found a radiant altar of Vehumet.
  2742 | D:3      | Found a hide-covered altar of Uskayaw.
  2746 | D:3      | Found a snail-covered altar of Cheibriados.
  3438 | D:4      | Reached skill level 5 in Fighting
  3438 | D:4      | Reached skill level 6 in Axes
  3445 | D:4      | Found an ancient bone altar of Kikubaaqudgha.
  3447 | D:5      | Entered Level 5 of the Dungeon
  3695 | D:4      | Found a glowing drain.
  3729 | Sewer    | Entered a sewer
  4137 | Sewer    | Reached XP level 7. HP: 61/61 MP: 6/6
  4623 | D:4      | Reached skill level 7 in Axes
  4711 | D:4      | Reached *** piety under Trog
  4714 | D:4      | Reached skill level 5 in Armour
  4725 | D:4      | Found a staircase to the Ecumenical Temple.
  4761 | Temple   | Entered the Ecumenical Temple
  4761 | Temple   | Found a transporter.
  4761 | Temple   | Found a transporter.
  4763 | Temple   | Found a transporter.
  4763 | Temple   | Found a transporter.
  6069 | D:5      | Found a runed translucent gate.
  6072 | D:5      | Noticed Rudyous's ghost (novice HOAK)
  6074 | D:5      | Found a runed translucent gate.
  6081 | D:5      | Found a runed translucent gate.
  6129 | D:5      | Reached skill level 5 in Dodging
  6129 | D:5      | Reached XP level 8. HP: 57/70 MP: 7/7
  6269 | D:5      | Reached skill level 8 in Axes
  7713 | D:6      | Reached skill level 9 in Axes
  8314 | D:6      | Noticed Duvessa
  8314 | D:6      | Noticed Dowan
  8322 | D:6      | Killed Duvessa
  8329 | D:6      | Killed Dowan
  8330 | D:6      | Reached XP level 9. HP: 67/79 MP: 8/8
  8571 | D:6      | Found a glowing golden altar of the Shining One.
  8708 | D:7      | Paralysed by a hornet for 1 turns
  9070 | D:7      | Reached skill level 10 in Axes
 10755 | D:8      | Noticed Psyche
 10755 | D:8      | Noticed Grum
 10759 | D:8      | Killed Psyche
 10766 | D:7      | Reached skill level 11 in Axes
 10956 | D:3      | Bought a potion of mutation for 96 gold pieces
 10956 | D:3      | Bought a potion of curing for 36 gold pieces
 10956 | D:3      | Bought a potion of heal wounds for 60 gold pieces
 11142 | D:8      | Killed Grum
 11368 | D:8      | Found a hazy altar of Hepliaklqana.
 11450 | D:8      | Reached XP level 10. HP: 51/90 MP: 9/9
 11464 | D:8      | Slain by a yak

Illustrated notes

Levels and vault maps discovered:
D:1:      dpeg_arrival_tiny_f, layout_basic, basic_ecumenical_altar,
          grunt_decor_fettered, minmay_crystal_room
D:2:      layout_loops_ring, basic_altar, st_stairs_6
D:3:      layout_basic, grunt_temple_overflow_diamond, serial_shops,
          nicolae_diamond_shop, uniq_sigmund
D:4:      layout_basic, nicolae_overflow_hidden_temple,
          minmay_temple_entry_trees, portal_sewer_entry_d
D:5:      layout_loops_ring, gammafunk_ghost_split
D:6:      layout_gridville, kennysheep_little_box, serial_glass,
          glass_columns_a, glass_columns_a, uniq_duvessa
D:7:      layout_basic
D:8:      layout_cave_pools, riverfiend_overflow_shadow_ancestor,
          david_lair_shrubbed, chequers_serial_rivers_room_a, uniq_psyche,
          uniq_grum
Temple:   hellmonk_temple_divided_pantheon

Skill      XL: |  1  2  3  4  5  6  7  8  9 |
---------------+----------------------------+-----
Axes           | 4 5 6 7 9 11 | 11.5
Fighting       | 4 5 6 7 8 |  8.6
Armour         | 3 4 5 6 8 |  8.2
Dodging        | 3 4 5 6 7 |  7.4

Action                   |  1- 3 |  4- 6 |  7- 9 | 10-12 || total
-------------------------+-------+-------+-------+-------++-------
Melee: Hand axe          |    17 |       |       |       ||    17
       Whip              |    38 |   105 |   373 |    13 ||   529
       Headbutt          |    12 |    19 |    73 |     5 ||   109
       Punch             |     1 |     2 |     3 |       ||     6
Invok: Berserk           |       |     2 |     5 |     1 ||     8
       Trog's Hand       |       |       |     2 |     1 ||     3
 Stab: Sleeping          |       |     2 |     1 |       ||     3
Armor: Animal skin       |     5 |    14 |    46 |       ||    65
       Leather armour    |       |       |    52 |     6 ||    58
Dodge: Dodged            |    37 |    67 |   241 |    12 ||   357
